 Dungeon Crawl Stone Soup version 0.20-a0-957-g47ad1fd (webtiles) character file.

7123 Firecrotchwizard the Grappler (level 10, -8/102 HPs)
             Began as a Troll Monk on Apr 5, 2017.
             Was a High Priest of Okawaru.
             Mangled by yesno's ghost (10 damage)
             ... on level 11 of the Dungeon on Apr 6, 2017.
             The game lasted 00:29:30 (7846 turns).

Firecrotchwizard the Grappler (Troll Monk)          Turns: 7846, Time: 00:29:30

Health: -8/102     AC:  7    Str: 21    XL:     10   Next: 85%
Magic:  6/9        EV: 18    Int:  6    God:    Okawaru [*****.]
Gold:   583        SH:  5    Dex: 15    Spells: 9/9 levels left

rFire    . . .     SeeInvis .     - Unarmed
rCold    . . .     Gourm    +   (no shield)
rNeg     + . .     Faith    .   I - +2 robe {MR+}
rPois    +         Spirit   .   (helmet restricted)
rElec    .         Reflect  +   (no cloak)
rCorr    .         Harm     .   (gloves unavailable)
MR       +....                  (boots unavailable)
Stlth    ++++......             F - +5 amulet of reflection
Regen    0.7/turn               s - ring of positive energy
MPRegen  0.2/turn               o - ring of poison resistance

@: heroism, drained
A: unfitting armour, claws 3, fast metabolism 3, gourmand, regeneration 1,
shaggy fur 1, tough skin 2
a: Heroism, Finesse, Renounce Religion


You were on level 11 of the Dungeon.
You worshipped Okawaru.
Okawaru was extremely pleased with you.
You were completely stuffed.

You visited 2 branches of the dungeon, and saw 12 of its levels.

You collected 583 gold pieces.

Inventory:

Missiles
 v - 4 large rocks (quivered)
 J - 2 needles of confusion
Armour
 a - a +1 robe
 I - a +2 robe of magic resistance (worn)
Jewellery
 o - a ring of poison resistance (right claw)
 s - a ring of positive energy (left claw)
 B - an uncursed amulet of regeneration
 F - a +5 amulet of reflection (around neck)
Wands
 q - a wand of disintegration (12/24)
 r - a wand of paralysis (10/24)
 w - a wand of iceblast (9/15)
 D - a wand of acid (7/15)
 E - a wand of clouds (9/9)
 G - a wand of flame (37/48)
Scrolls
 d - 2 scrolls of immolation
 t - 2 scrolls of brand weapon
 y - 6 scrolls of teleportation
 z - 6 scrolls of remove curse
 A - 2 scrolls of enchant armour
 K - a scroll of identify
 M - 2 scrolls of enchant weapon
Potions
 e - 3 potions of might
 f - 3 potions of flight
 g - a potion of invisibility {unknown}
 i - a potion of haste {unknown}
 k - 2 potions of mutation {unknown}
 l - 2 potions of heal wounds {unknown}
 m - 4 potions of curing
 n - a potion of brilliance {unknown}
 u - a potion of cancellation {unknown}
 x - a potion of ambrosia {unknown}
 C - a potion of agility {unknown}
 H - a potion of lignification {unknown}
 L - a potion of resistance {unknown}
Comestibles
 b - 8 bread rations
 c - 7 chunks of flesh
 h - 3 royal jellies
 j - 3 meat rations
 p - 2 fruits


   Skills:
 + Level 7.3(12.2) Fighting
 - Level 5.1(10.0) Throwing
 + Level 7.4(12.2) Dodging
 - Level 2.1(7.0) Stealth
 * Level 11.0(15.8) Unarmed Combat


You had 9 spell levels left.
You didn't know any spells.

Dungeon Overview and Level Annotations

Branches:
Dungeon (11/15)            Temple (1/1) D:7            Lair (0/6) D:10
    Orc (0/2) D:9

Altars:
Ashenzari
Cheibriados
Dithmenos
Elyvilon
Fedhas
Gozag
Hepliaklqana
Kikubaaqudgha
Makhleb
Nemelex Xobeh
Okawaru
Qazlal
Ru
Sif Muna
Trog
Uskayaw
Vehumet
Wu Jian
Xom
Yredelemnul
Zin
The Shining One

Shops:
D:5 ***=

Annotations:
D:3 exclusion: water moccasin
D:5 Prince Ribbit
D:7 gowby's ghost, novice HOSk
D:10 exclusions: door and 2 killer bees
D:11 yesno's ghost, journeyman SpMo


Innate Abilities, Weirdness & Mutations

You are too large for most types of armour.
You have claws for hands.
Your metabolism is lightning-fast.
You like to eat raw meat.
Your natural rate of healing is unusually fast.
You are covered in fur. (AC +1)
You have very tough skin. (AC +2)


Message History

Yesno's ghost hits you!
You barely miss yesno's ghost.
Yesno's ghost is almost destroyed.
Yesno's ghost hits you!
* * * LOW HITPOINT WARNING * * *
You are electrocuted!
* * * LOW HITPOINT WARNING * * *
You scratch yesno's ghost.
Yesno's ghost is almost destroyed.
You completely miss yesno's ghost. Your claw misses yesno's ghost.
Yesno's ghost is almost destroyed.
Yesno's ghost hits you.
* * * LOW HITPOINT WARNING * * *
You are electrocuted!
* * * LOW HITPOINT WARNING * * *
You scratch yesno's ghost.
Yesno's ghost is almost destroyed.
Yesno's ghost hits you but does no damage.
You are electrocuted!
You die...

.#
####################..#
..................../.#
................@W....#
###################...#
... . # .# ..#
###################..#


You could see yesno's ghost.

Vanquished Creatures
  A two-headed ogre (D:8)
  Pikel (D:4)
  A centaur zombie (D:10)
  The ghost of modulok the Carver, a novice HuFi (D:5)
  A hippogriff (D:11)
  14 yaks
  Edmund (D:4)
  An ice beast (D:5)
  3 orc warriors
  A black bear (D:8)
  A phantom (D:9)
  3 ogres
  4 centaurs
  A bullfrog (D:9)
  3 scorpions
  9 wights (D:9)
  6 howler monkeys
  6 crimson imps
  4 orc priests
  A bullfrog zombie (D:8)
  4 hounds
  A bullfrog skeleton (D:8)
  2 jellies
  4 worker ants
  3 iguanas
  6 orc wizards
  A killer bee zombie (D:8)
  A hound zombie (D:9)
  2 hound skeletons
  8 adders
  2 shadow imps (D:10)
  An ooze (D:3)
  2 adder skeletons
  2 worms (D:2)
  5 leopard geckos
  31 orcs
  A ball python (D:2)
  2 giant cockroaches
  8 goblins
  4 hobgoblins
  7 jackals
  6 kobolds
  5 quokkas
  9 bats
  4 frilled lizards
  A quokka zombie (D:9)
  9 rats
194 creatures vanquished.

Vanquished Creatures (others)
  A slave (D:4)
  An adder (D:4)
  An ooze (D:4)
3 creatures vanquished.

Grand Total: 197 creatures vanquished

Notes
Turn   | Place    | Note
-------+----------+-------------------------------------------
     0 | D:1      | Firecrotchwizard the Troll Monk began the quest for the Orb.
     0 | D:1      | Reached XP level 1. HP: 23/23 MP: 0/0
    96 | D:1      | Reached skill level 1 in Unarmed Combat
   313 | D:1      | Reached XP level 2. HP: 31/31 MP: 1/1
   807 | D:2      | Found a sacrificial altar of Ru.
   815 | D:2      | Reached XP level 3. HP: 37/37 MP: 2/2
   914 | D:2      | Reached skill level 2 in Unarmed Combat
  1565 | D:3      | Found a sparkling altar of Nemelex Xobeh.
  1605 | D:3      | Reached XP level 4. HP: 45/45 MP: 3/3
  1608 | D:3      | Found a stormy altar of Qazlal.
  1837 | D:3      | Noticed a water moccasin
  1849 | D:3      | Reached skill level 3 in Unarmed Combat
  2119 | D:4      | Found a basalt altar of Yredelemnul.
  2146 | D:4      | Noticed a slave
  2146 | D:4      | Noticed a slave
  2147 | D:4      | Noticed Pikel
  2184 | D:4      | Noticed a slave
  2184 | D:4      | Noticed a slave
  2184 | D:4      | Noticed Edmund
  2206 | D:4      | Killed Pikel
  2206 | D:4      | Reached skill level 5 in Unarmed Combat
  2206 | D:4      | Reached XP level 5. HP: 45/55 MP: 4/4
  2206 | D:4      | Reached XP level 6. HP: 52/63 MP: 5/5
  2210 | D:4      | Killed a freed slave
  2220 | D:4      | Killed Edmund
  2220 | D:4      | Reached XP level 7. HP: 68/71 MP: 6/6
  2710 | D:4      | Found a hide-covered altar of Uskayaw.
  2949 | D:5      | Entered Level 5 of the Dungeon
  2963 | D:5      | Noticed modulok's ghost (novice HuFi)
  2985 | D:5      | Killed modulok's ghost
  2985 | D:5      | Reached skill level 5 in Dodging
  2985 | D:5      | Reached skill level 6 in Unarmed Combat
  2985 | D:5      | Reached XP level 8. HP: 29/79 MP: 7/7
  3068 | D:5      | Reached skill level 5 in Fighting
  3122 | D:5      | Reached skill level 7 in Unarmed Combat
  3162 | D:5      | Found an ornate altar of the Wu Jian Council.
  3306 | D:5      | Found Buluicee's Assorted Antiques.
  3344 | D:5      | Found a burning altar of Makhleb.
  3424 | D:5      | Found Qunnudam's Assorted Antiques.
  3560 | D:5      | Noticed Prince Ribbit
  3605 | D:5      | Found Lynug's General Store.
  3728 | D:5      | Found Pinok's Jewellery Emporium.
  3758 | D:6      | Reached skill level 1 in Throwing
  4552 | D:7      | Found a staircase to the Ecumenical Temple.
  4597 | Temple   | Entered the Ecumenical Temple
  4675 | Temple   | Became a worshipper of Warmaster Okawaru
  4675 | Temple   | Reached * piety under Okawaru
  4675 | Temple   | Reached ** piety under Okawaru
  4733 | D:7      | Reached skill level 8 in Unarmed Combat
  5170 | D:7      | Noticed gowby's ghost (novice HOSk)
  5234 | D:8      | Noticed a two-headed ogre
  5242 | D:8      | Killed a two-headed ogre
  5242 | D:8      | Reached *** piety under Okawaru
  5242 | D:8      | Reached XP level 9. HP: 89/89 MP: 5/8
  5362 | D:8      | Found a blossoming altar of Fedhas.
  5715 | D:8      | Found a glowing golden altar of the Shining One.
  5774 | D:8      | Reached skill level 9 in Unarmed Combat
  6032 | D:9      | Reached **** piety under Okawaru
  6090 | D:9      | Found a staircase to the Orcish Mines.
  6120 | D:9      | Reached XP level 10. HP: 66/100 MP: 9/9
  6399 | D:9      | Received a gift from Okawaru
  6486 | D:9      | Reached skill level 10 in Unarmed Combat
  6495 | D:9      | Reached ***** piety under Okawaru
  6776 | D:10     | Entered Level 10 of the Dungeon
  6820 | D:10     | Found a staircase to the Lair.
  7141 | D:10     | Reached skill level 5 in Throwing
  7661 | D:11     | Found a stormy altar of Qazlal.
  7719 | D:11     | Reached skill level 11 in Unarmed Combat
  7822 | D:11     | Noticed yesno's ghost (journeyman SpMo)
  7845 | D:11     | HP: 2/102 [yesno's ghost (11)]
  7846 | D:11     | Mangled by yesno's ghost

Vault maps used:
D:1:      sevenhm_arrival_forest_fort_large_3
D:2:      overflow_temple_1_default, corexii_leaking_fountain,
          kennysheep_generic_room_12
D:3:      old_standard_altar, lemuel_crystal_altar
D:4:      kennysheep_mini_moat, yredelemnul_altar_generic, uniq_pikel,
          uniq_edmund
D:5:      kennysheep_mini, bloody_makhleb, serial_shops, shop,
          kennysheep_little_box, nicolae_shop_crystal, shop, first_bread,
          uniq_prince_ribbit1
D:7:      old_forge, temple_doors_e, the_bakery
D:8:      fedhas_altar_2, nicolae_tso_carved_into_rock, minmay_misc_feat_encased
D:9:      orc_0_dummy, lemuel_flamethrower_1
D:10:     lair_entry_dummy, small_statue_alley_a,
          hangedman_abyss_or_decor_passed
D:11:     basic_altar, hangedman_decor_slide_cut
Temple:   nicolae_temple_god_jail

Skill      XL: |  1  2  3  4  5  6  7  8  9 10 |
---------------+-------------------------------+-----
Unarmed Combat | 1 2 5 6 8 9 11 | 11.0
Fighting       | 4 6 7 |  7.3
Dodging        | 4 5 6 7 |  7.4
Throwing       | 2 3 5 |  5.1
Stealth        | |  2.1

Action                   |  1- 3 |  4- 6 |  7- 9 | 10-12 || total
-------------------------+-------+-------+-------+-------++-------
Melee: Unarmed           |   112 |    67 |   258 |   205 ||   642
       Punch             |     1 |     2 |     6 |    15 ||    24
Throw: Large rock        |       |       |     2 |       ||     2
Invok: Heroism           |       |       |     2 |     4 ||     6
  Use: Scroll            |       |       |    13 |     6 ||    19
 Stab: Sleeping          |     5 |     3 |     1 |     2 ||    11
       Held in net/web   |       |       |     2 |       ||     2
       Distracted        |       |       |     2 |       ||     2
  Eat: Chunk             |    20 |     5 |    36 |    16 ||    77
Armor: Robe              |    23 |    13 |    44 |    16 ||    96
Dodge: Dodged            |    60 |    35 |   139 |    91 ||   325
Block: Other             |       |       |       |    19 ||    19
